Oilers vs Flames

Created - October-02-14 at 17:09

Simulating a Pre-Season

Goals
1 2 3 OT1 SO T
Oilers 1 0 1 0 0 2
Flames 0 2 0 0 1 3
Shots
1 2 3 OT1 SO T
Oilers 4 12 15 2 3 33
Flames 12 11 7 4 2 34

1st period

1. Oilers , Brandon Sutter 3 (Olli Maatta, Dennis Wideman) at 14:03

Penalties :
Dennis Wideman (EDM) for Interference (Minor) at 0:11, Michael Grabner (CGY) for Roughing (Minor) at 3:21, Chad Ruhwedel (EDM) for Roughing (Minor) at 7:43, Dennis Wideman (EDM) for Hooking (Minor) at 17:56

2nd period

2. Flames , Tomas Kopecky 2 (Dustin Brown, Ladislav Smid) at 11:05
3. Flames , Sam Gagner 1 (Ryan Kesler, Andrew MacDonald) at 17:34 (SH)

Penalties :
Ryan Kesler (CGY) for Slashing (Minor) at 0:17, Dainius Zubrus (EDM) for Interference (Minor) at 6:05, Jeff Skinner (CGY) for Boarding (Minor) at 6:27, Ladislav Smid (CGY) for Holding (Minor) at 13:02, Dustin Brown (CGY) for Goalie Interference (Minor) at 15:55, Dustin Brown (CGY) for Hooking (Minor) at 18:16

3rd period

4. Oilers , Vincent Trocheck 2 (Mats Zuccarello, Olli Maatta) at 15:32

Penalties :
Erik Johnson (CGY) for Holding (Minor) at 1:56, Dainius Zubrus (EDM) for Slashing (Minor) at 3:42, Ladislav Smid (CGY) for Charging (Minor) at 6:57, Chad Ruhwedel (EDM) for Cross-checking (Minor) at 11:46, Bryce Salvador (CGY) for Tripping (Minor) at 17:12

Overtime #1

No Goal

Penalties :
No Penalty

Shootout

Penalty Shot by Mats Zuccarello for Oilers - Stopped by Jonathan Quick
Penalty Shot by Anze Kopitar for Flames - Shot Misses the Net
Penalty Shot by Vincent Trocheck for Oilers - Stopped by Jonathan Quick
Penalty Shot by Jeff Skinner for Flames - Goal!
Penalty Shot by Mikkel Boedker for Oilers - Stopped by Jonathan Quick

Penalties :
No Penalty

Goalie Stats

Kari Lehtonen (EDM), 32 saves from 34 shots - (0.941), OTL, 2-1-1, 65:00 minutes
Jonathan Quick (CGY), 31 saves from 33 shots - (0.939), W, 3-2-1, 65:00 minutes

Players Stats for Oilers

Player Name              G  A  P  +/- PIM S  H  SB GA TA FO     MP     PP MP  PK MP  
------------------------------------------------------------------------------------
Aleksander Barkov        0  0  0  -1  0   3  0  0  0  0  6/8    11:12   0:00   1:05 
Brandon Sutter           1  0  1   1  0   1  0  0  0  0  5/13    8:32   0:00   6:14 
Brian Campbell           0  0  0  -1  0   6  0  2  0  0  0/0    31:04   8:24   5:04 
Brooks Laich             0  0  0   0  0   2  0  0  0  0  1/2    18:51   8:03   0:47 
Chad Ruhwedel            0  0  0  -1  4   0  1  0  0  0  0/0    10:00   0:00   1:32 
Charlie Coyle            0  0  0   0  0   2  1  0  0  0  1/2    18:04   8:03   0:00 
Dainius Zubrus           0  0  0   0  4   2  2  0  0  0  10/25  22:38   8:02   2:45 
Dennis Wideman           0  1  1   2  4   1  3  1  0  0  0/0    23:03   7:37   2:52 
Drew Miller              0  0  0  -1  0   2  0  0  0  0  0/0    13:08   0:00   3:28 
Justin Schultz           0  0  0  -2  0   3  1  1  0  0  0/0    17:07   8:24   0:00 
Marc Methot              0  0  0   0  0   1  5  2  0  0  0/0    21:47   0:00   5:04 
Martin Marincin          0  0  0   0  0   0  0  0  0  0  0/0     2:00   0:00   0:54 
Mats Zuccarello          0  1  1   1  0   3  0  0  0  0  3/8    24:54   7:58   0:00 
Mikkel Boedker           0  0  0   0  0   1  1  1  0  0  2/4    20:11   7:58   0:00 
Nikita Kucherov          0  0  0   1  0   0  0  0  0  0  0/0     2:18   0:00   0:00 
Nikolai Kulemin          0  0  0  -1  0   0  2  0  0  0  2/3     9:51   0:00   0:00 
Olli Maatta              0  2  2   2  0   0  3  2  0  0  0/0    24:55   7:37   4:42 
Vincent Trocheck         1  0  1   0  0   6  1  0  0  0  13/26  28:25   7:58   5:49 

Players Stats for Flames

Player Name              G  A  P  +/- PIM S  H  SB GA TA FO     MP     PP MP  PK MP  
------------------------------------------------------------------------------------
Andrew MacDonald         0  1  1   1  0   3  2  3  0  0  0/0    27:46   4:27   7:13 
Anze Kopitar             0  0  0   0  0   4  1  1  0  0  13/25  25:55   4:35   7:50 
Barret Jackman           0  0  0   0  0   0  0  0  0  0  0/0     0:00   0:00   0:00 
Brett Bulmer             0  0  0   0  0   0  0  0  0  0  0/0     0:10   0:10   0:00 
Bryce Salvador           0  0  0   1  2   2  0  2  0  0  0/0    26:12   4:09   5:56 
Drew Shore               0  0  0   0  0   1  0  0  0  0  1/3    12:42   0:00   0:31 
Dustin Brown             0  1  1   0  4   0  4  0  0  0  4/10   12:09   0:00   0:00 
Erik Johnson             0  0  0  -1  2   1  2  3  0  0  0/0    20:42   4:51   6:51 
Jack Johnson             0  0  0  -1  0   3  2  1  0  0  0/0    27:01   5:13   9:27 
Jake Gardiner            0  0  0   0  0   0  0  0  0  0  0/0    14:26   0:00   0:40 
Jeff Skinner             0  0  0   0  2   5  1  0  0  0  10/20  23:24   4:34   7:03 
Ladislav Smid            0  1  1   0  4   1  0  1  0  0  0/0    13:49   1:28   1:55 
Linden Vey               0  0  0   0  0   0  0  0  0  0  0/0     1:00   0:00   0:00 
Michael Grabner          0  0  0  -1  2   1  1  0  0  0  1/1     9:39   0:00   0:00 
Mike Cammalleri          0  0  0   0  0   1  1  0  0  0  1/1    13:53   4:35   0:00 
Ryan Kesler              0  1  1   0  2   6  4  1  0  0  17/27  27:13   5:29   7:31 
Sam Gagner               1  0  1   0  0   3  0  0  0  0  1/3    27:14   5:19   8:41 
Tomas Kopecky            1  0  1   0  0   3  1  0  0  0  0/1    18:45   5:29   0:26 

3 Stars

1 - Olli Maatta (EDM)
2 - Brandon Sutter (EDM)
3 - Kari Lehtonen (EDM)

Power Play

Oilers - 0 on 9 Attempt(s) - 0.00%
Flames - 0 on 6 Attempt(s) - 0.00%

Penalty Kill

Oilers - 6 on 6 Attempt(s) - 100.00% - Score 0 goal in Penalty Kill
Flames - 9 on 9 Attempt(s) - 100.00% - Score 1 goal in Penalty Kill

Official

Referees : TJ Luxmore and Greg Kimmerly
Linesman : Jean Morin and Lonnie Cameron

Game Notes

No Game Note

% Time on Ice - Oilers

Lines # - Real PCT - Wanted PCT - Time Play
Normal Forward
1 - 31% - 40% - 10:06
2 - 31% - 30% - 10:01
3 - 30% - 20% - 9:40
4 - 7% - 10% - 2:18
Normal Defense
1 - 40% - 40% - 12:55
2 - 30% - 30% - 9:34
3 - 26% - 20% - 8:30
4 - 3% - 10% - 1:06
PP Forward
1 - 50% - 60% - 7:58
2 - 50% - 40% - 8:03
PP Defense
1 - 52% - 60% - 8:24
2 - 48% - 40% - 7:37
PK Forward
1 - 66% - 60% - 6:36
2 - 34% - 40% - 3:28
PK Defense
1 - 50% - 60% - 5:04
2 - 50% - 40% - 5:00
PK3 Forward
1 - 0% - 60%
2 - 0% - 40%
PK3 Defense
1 - 0% - 60%
2 - 0% - 40%
44 Forward
1 - 69% - 60% - 4:43
2 - 31% - 40% - 2:07
44 Defense
1 - 56% - 60% - 3:48
2 - 44% - 40% - 3:02
Last Minute Offensive  - 0:00
Last Minute Defensive  - 0:00
Total
Forward - 65:00
Defense - 65:00

% Time on Ice - Flames

Lines # - Real PCT - Wanted PCT - Time Play
Normal Forward
1 - 29% - 30% - 9:18
2 - 30% - 30% - 9:36
3 - 38% - 27% - 12:11
4 - 3% - 13% - 1:00
Normal Defense
1 - 29% - 30% - 9:11
2 - 28% - 30% - 9:01
3 - 32% - 20% - 10:22
4 - 11% - 20% - 3:31
PP Forward
1 - 46% - 50% - 4:35
2 - 54% - 50% - 5:29
PP Defense
1 - 52% - 50% - 5:13
2 - 48% - 50% - 4:51
PK Forward
1 - 46% - 50% - 7:20
2 - 54% - 50% - 8:41
PK Defense
1 - 46% - 50% - 7:24
2 - 54% - 50% - 8:37
PK3 Forward
1 - 0% - 60%
2 - 0% - 40%
PK3 Defense
1 - 0% - 50%
2 - 0% - 50%
44 Forward
1 - 47% - 50% - 3:12
2 - 53% - 50% - 3:38
44 Defense
1 - 51% - 50% - 3:30
2 - 49% - 50% - 3:20
Last Minute Offensive  - 0:00
Last Minute Defensive  - 0:00
Total
Forward - 65:00
Defense - 65:00

Play by Play

1st period


0:01 of 1st period - Anze Kopitar wins face-off versus Vincent Trocheck in neutral zone.
0:10 of 1st period - Shot by Jeff Skinner.
0:10 of 1st period - Stopped by Kari Lehtonen without a rebound.
0:11 of 1st period - Ryan Kesler wins face-off versus Charlie Coyle in Oilers zone.
0:11 of 1st period - Minor Penalty to Dennis Wideman for Interference.
0:12 of 1st period - Anze Kopitar wins face-off versus Brandon Sutter in Oilers zone.
0:20 of 1st period - Shot by Andrew MacDonald.
0:20 of 1st period - Stopped by Kari Lehtonen without a rebound.
0:21 of 1st period - Ryan Kesler wins face-off versus Dainius Zubrus in Oilers zone.
0:54 of 1st period - Shot by Bryce Salvador.
0:54 of 1st period - Shot Misses the Net.
1:54 of 1st period - Shot by Mike Cammalleri.
1:54 of 1st period - Shot Misses the Net.
1:56 of 1st period - Shot by Andrew MacDonald.
1:56 of 1st period - Stopped by Kari Lehtonen without a rebound.
1:57 of 1st period - Dainius Zubrus wins face-off versus Sam Gagner in Oilers zone.
2:08 of 1st period - Shot by Bryce Salvador.
2:08 of 1st period - Stopped by Kari Lehtonen without a rebound.
2:09 of 1st period - Mike Cammalleri wins face-off versus Brandon Sutter in Oilers zone.
2:40 of 1st period - Icing by Jake Gardiner.
2:41 of 1st period - Dustin Brown wins face-off versus Vincent Trocheck in Flames zone.
2:58 of 1st period - Shot by Vincent Trocheck.
2:58 of 1st period - Deflect By Mikkel Boedker.
2:58 of 1st period - Shot Misses the Net.
3:21 of 1st period - Minor Penalty to Michael Grabner for Roughing.
3:22 of 1st period - Jeff Skinner wins face-off versus Dainius Zubrus in Flames zone.
3:31 of 1st period - Erik Johnson is hit by Dainius Zubrus and loses puck.
3:44 of 1st period - Shot by Dennis Wideman.
3:44 of 1st period - Deflect By Charlie Coyle.
3:44 of 1st period - Shot Blocked by Erik Johnson.
3:46 of 1st period - Shot by Charlie Coyle.
3:46 of 1st period - Stopped by Jonathan Quick with a rebound.
3:48 of 1st period - Shot by Olli Maatta.
3:48 of 1st period - Shot Blocked by Jack Johnson.
3:56 of 1st period - Shot by Charlie Coyle.
3:56 of 1st period - Shot Blocked by Ryan Kesler.
3:58 of 1st period - Shot by Dainius Zubrus.
3:58 of 1st period - Shot Hit the Post.
5:16 of 1st period - Shot by Dennis Wideman.
5:16 of 1st period - Stopped by Jonathan Quick without a rebound.
5:17 of 1st period - Ryan Kesler wins face-off versus Vincent Trocheck in Flames zone.
6:27 of 1st period - Shot by Chad Ruhwedel.
6:27 of 1st period - Shot Misses the Net.
6:29 of 1st period - Shot by Justin Schultz.
6:29 of 1st period - Stopped by Jonathan Quick without a rebound.
6:30 of 1st period - Dainius Zubrus wins face-off versus Anze Kopitar in Flames zone.
6:44 of 1st period - Anze Kopitar is hit by Dennis Wideman.
6:58 of 1st period - Shot by Anze Kopitar.
6:58 of 1st period - Stopped by Kari Lehtonen without a rebound.
6:59 of 1st period - Nikolai Kulemin wins face-off versus Ryan Kesler in Oilers zone.
6:59 of 1st period - Nikolai Kulemin is hit by Michael Grabner.
7:11 of 1st period - Shot by Michael Grabner.
7:11 of 1st period - Shot Misses the Net.
7:13 of 1st period - Shot by Jack Johnson.
7:13 of 1st period - Stopped by Kari Lehtonen with a rebound.
7:15 of 1st period - Shot by Erik Johnson.
7:15 of 1st period - Deflect By Ryan Kesler.
7:15 of 1st period - Shot Blocked by Justin Schultz.
7:17 of 1st period - Shot by Erik Johnson.
7:17 of 1st period - Stopped by Kari Lehtonen with a rebound.
7:32 of 1st period - Chad Ruhwedel is hit by Erik Johnson and loses puck.
7:42 of 1st period - Jack Johnson is hit by Justin Schultz and loses puck.
7:43 of 1st period - Minor Penalty to Chad Ruhwedel for Roughing.
7:44 of 1st period - Brandon Sutter wins face-off versus Anze Kopitar in Oilers zone.
8:01 of 1st period - Shot by Jeff Skinner.
8:01 of 1st period - Deflect By Anze Kopitar.
8:01 of 1st period - Stopped by Kari Lehtonen without a rebound.
8:02 of 1st period - Brandon Sutter wins face-off versus Anze Kopitar in Oilers zone.
9:19 of 1st period - Shot by Sam Gagner.
9:19 of 1st period - Shot Blocked by Dennis Wideman.
9:21 of 1st period - Shot by Tomas Kopecky.
9:21 of 1st period - Stopped by Kari Lehtonen with a rebound.
9:23 of 1st period - Shot by Andrew MacDonald.
9:23 of 1st period - Stopped by Kari Lehtonen without a rebound.
9:24 of 1st period - Anze Kopitar wins face-off versus Brandon Sutter in Oilers zone.
10:30 of 1st period - Chad Ruhwedel is hit by Dustin Brown and loses puck.
10:40 of 1st period - Icing by Charlie Coyle.
10:41 of 1st period - Ryan Kesler wins face-off versus Dainius Zubrus in Oilers zone.
11:05 of 1st period - Off-side.
11:06 of 1st period - Aleksander Barkov wins face-off versus Anze Kopitar in neutral zone.
13:16 of 1st period - Ryan Kesler is hit by Chad Ruhwedel and loses puck.
14:01 of 1st period - Shot by Olli Maatta.
14:01 of 1st period - Shot Misses the Net.
14:03 of 1st period - Shot by Brandon Sutter.
14:03 of 1st period - Goal by Brandon Sutter - Oilers : 1 - Flames : 0.
14:04 of 1st period - Nikolai Kulemin wins face-off versus Anze Kopitar in neutral zone.
14:31 of 1st period - Anze Kopitar is hit by Nikolai Kulemin and loses puck.
15:45 of 1st period - Shot by Mats Zuccarello.
15:45 of 1st period - Shot Misses the Net.
15:52 of 1st period - Icing by Erik Johnson.
15:53 of 1st period - Dainius Zubrus wins face-off versus Dustin Brown in Flames zone.
16:34 of 1st period - Shot by Ryan Kesler.
16:34 of 1st period - Stopped by Kari Lehtonen without a rebound.
16:35 of 1st period - Anze Kopitar wins face-off versus Brandon Sutter in Oilers zone.
16:38 of 1st period - Shot by Mike Cammalleri.
16:38 of 1st period - Stopped by Kari Lehtonen with a rebound.
17:40 of 1st period - Shot by Aleksander Barkov.
17:40 of 1st period - Shot Misses the Net.
17:44 of 1st period - Shot by Aleksander Barkov.
17:44 of 1st period - Shot Blocked by Andrew MacDonald.
17:55 of 1st period - Bryce Salvador is hit by Olli Maatta.
17:56 of 1st period - Minor Penalty to Dennis Wideman for Hooking.
17:57 of 1st period - Ryan Kesler wins face-off versus Brandon Sutter in Oilers zone.
18:30 of 1st period - Sam Gagner is hit by Marc Methot and loses puck.
Goals for this period are 1 for Oilers vs 0 for Flames.
Shots for this period are 4 for Oilers vs 12 for Flames.

2nd period


0:01 of 2nd period - Ryan Kesler wins face-off versus Vincent Trocheck in neutral zone.
0:04 of 2nd period - Shot by Michael Grabner.
0:04 of 2nd period - Stopped by Kari Lehtonen with a rebound.
0:06 of 2nd period - Shot by Bryce Salvador.
0:06 of 2nd period - Stopped by Kari Lehtonen with a rebound.
0:08 of 2nd period - Shot by Andrew MacDonald.
0:08 of 2nd period - Deflect By Sam Gagner.
0:08 of 2nd period - Stopped by Kari Lehtonen without a rebound.
0:09 of 2nd period - Michael Grabner wins face-off versus Vincent Trocheck in Oilers zone.
0:09 of 2nd period - Ryan Kesler is hit by Marc Methot and loses puck.
0:17 of 2nd period - Minor Penalty to Ryan Kesler for Slashing.
0:18 of 2nd period - Vincent Trocheck wins face-off versus Jeff Skinner in Flames zone.
0:23 of 2nd period - Shot by Justin Schultz.
0:23 of 2nd period - Shot Blocked by Andrew MacDonald.
0:43 of 2nd period - Shot by Justin Schultz.
0:43 of 2nd period - Shot Misses the Net.
1:51 of 2nd period - Icing by Olli Maatta.
1:52 of 2nd period - Dainius Zubrus wins face-off versus Jeff Skinner in Oilers zone.
2:20 of 2nd period - Icing by Ladislav Smid.
2:21 of 2nd period - Vincent Trocheck wins face-off versus Dustin Brown in Flames zone.
2:28 of 2nd period - Shot by Vincent Trocheck.
2:28 of 2nd period - Stopped by Jonathan Quick with a rebound.
2:30 of 2nd period - Shot by Vincent Trocheck.
2:30 of 2nd period - Stopped by Jonathan Quick without a rebound.
2:31 of 2nd period - Dustin Brown wins face-off versus Vincent Trocheck in Flames zone.
3:47 of 2nd period - Icing by Dustin Brown.
3:48 of 2nd period - Charlie Coyle wins face-off versus Dustin Brown in Flames zone.
3:58 of 2nd period - Tomas Kopecky is hit by Dennis Wideman and loses puck.
4:18 of 2nd period - Michael Grabner is hit by Olli Maatta and loses puck.
5:23 of 2nd period - Shot by Aleksander Barkov.
5:23 of 2nd period - Stopped by Jonathan Quick without a rebound.
5:24 of 2nd period - Anze Kopitar wins face-off versus Mikkel Boedker in Flames zone.
5:29 of 2nd period - Shot by Jeff Skinner.
5:29 of 2nd period - Stopped by Kari Lehtonen with a rebound.
5:58 of 2nd period - Shot by Vincent Trocheck.
5:58 of 2nd period - Deflect By Mats Zuccarello.
5:58 of 2nd period - Stopped by Jonathan Quick without a rebound.
5:59 of 2nd period - Dainius Zubrus wins face-off versus Anze Kopitar in Flames zone.
6:05 of 2nd period - Minor Penalty to Dainius Zubrus for Interference.
6:06 of 2nd period - Ryan Kesler wins face-off versus Brandon Sutter in Oilers zone.
6:06 of 2nd period - Andrew MacDonald is hit by Marc Methot and loses puck.
6:14 of 2nd period - Off-side.
6:15 of 2nd period - Anze Kopitar wins face-off versus Vincent Trocheck in neutral zone.
6:26 of 2nd period - Shot by Mike Cammalleri.
6:26 of 2nd period - Shot Blocked by Brian Campbell.
6:27 of 2nd period - Minor Penalty to Jeff Skinner for Boarding.
6:28 of 2nd period - Ryan Kesler wins face-off versus Mats Zuccarello in Flames zone.
6:37 of 2nd period - Shot by Ryan Kesler.
6:37 of 2nd period - Shot Misses the Net.
6:39 of 2nd period - Shot by Sam Gagner.
6:39 of 2nd period - Stopped by Kari Lehtonen with a rebound.
6:53 of 2nd period - Shot by Mats Zuccarello.
6:53 of 2nd period - Shot Misses the Net.
7:05 of 2nd period - Shot by Ryan Kesler.
7:05 of 2nd period - Shot Hit the Post.
7:29 of 2nd period - Shot by Anze Kopitar.
7:29 of 2nd period - Stopped by Kari Lehtonen without a rebound.
7:30 of 2nd period - Mats Zuccarello wins face-off versus Tomas Kopecky in Oilers zone.
7:30 of 2nd period - Olli Maatta is hit by Tomas Kopecky and loses puck.
8:22 of 2nd period - Shot by Brian Campbell.
8:22 of 2nd period - Shot Misses the Net.
8:24 of 2nd period - Shot by Brian Campbell.
8:24 of 2nd period - Stopped by Jonathan Quick without a rebound.
8:25 of 2nd period - Drew Shore wins face-off versus Dainius Zubrus in Flames zone.
8:42 of 2nd period - Shot by Tomas Kopecky.
8:42 of 2nd period - Shot Misses the Net.
8:44 of 2nd period - Shot by Drew Shore.
8:44 of 2nd period - Shot Misses the Net.
8:46 of 2nd period - Shot by Ladislav Smid.
8:46 of 2nd period - Stopped by Kari Lehtonen without a rebound.
8:47 of 2nd period - Sam Gagner wins face-off versus Dainius Zubrus in Oilers zone.
9:37 of 2nd period - Icing by Bryce Salvador.
9:38 of 2nd period - Ryan Kesler wins face-off versus Vincent Trocheck in Flames zone.
11:05 of 2nd period - Shot by Dustin Brown.
11:05 of 2nd period - Deflect By Tomas Kopecky.
11:05 of 2nd period - Goal by Tomas Kopecky - Oilers : 1 - Flames : 1.
11:06 of 2nd period - Ryan Kesler wins face-off versus Dainius Zubrus in neutral zone.
11:15 of 2nd period - Shot by Michael Grabner.
11:15 of 2nd period - Shot Misses the Net.
11:17 of 2nd period - Shot by Sam Gagner.
11:17 of 2nd period - Shot Misses the Net.
11:47 of 2nd period - Shot by Dainius Zubrus.
11:47 of 2nd period - Shot Misses the Net.
11:54 of 2nd period - Icing by Ryan Kesler.
11:55 of 2nd period - Ryan Kesler wins face-off versus Brandon Sutter in Flames zone.
12:28 of 2nd period - Shot by Anze Kopitar.
12:28 of 2nd period - Shot Misses the Net.
12:30 of 2nd period - Shot by Anze Kopitar.
12:30 of 2nd period - Shot Misses the Net.
12:34 of 2nd period - Shot by Anze Kopitar.
12:34 of 2nd period - Stopped by Kari Lehtonen without a rebound.
12:35 of 2nd period - Dustin Brown wins face-off versus Aleksander Barkov in Oilers zone.
13:02 of 2nd period - Minor Penalty to Ladislav Smid for Holding.
13:03 of 2nd period - Vincent Trocheck wins face-off versus Jeff Skinner in Flames zone.
13:58 of 2nd period - Icing by Dennis Wideman.
13:59 of 2nd period - Vincent Trocheck wins face-off versus Ryan Kesler in Oilers zone.
13:59 of 2nd period - Vincent Trocheck is hit by Ryan Kesler.
14:51 of 2nd period - Shot by Ryan Kesler.
14:51 of 2nd period - Stopped by Kari Lehtonen without a rebound.
14:52 of 2nd period - Jeff Skinner wins face-off versus Dainius Zubrus in Oilers zone.
14:53 of 2nd period - Shot by Anze Kopitar.
14:53 of 2nd period - Shot Blocked by Brian Campbell.
15:27 of 2nd period - Shot by Aleksander Barkov.
15:27 of 2nd period - Stopped by Jonathan Quick with a rebound.
15:29 of 2nd period - Shot by Brian Campbell.
15:29 of 2nd period - Stopped by Jonathan Quick with a rebound.
15:31 of 2nd period - Shot by Drew Miller.
15:31 of 2nd period - Shot Blocked by Ladislav Smid.
15:37 of 2nd period - Shot by Aleksander Barkov.
15:37 of 2nd period - Stopped by Jonathan Quick without a rebound.
15:38 of 2nd period - Anze Kopitar wins face-off versus Brooks Laich in Flames zone.
15:50 of 2nd period - Icing by Justin Schultz.
15:51 of 2nd period - Dustin Brown wins face-off versus Dainius Zubrus in Oilers zone.
15:55 of 2nd period - Minor Penalty to Dustin Brown for Goalie Interference.
15:56 of 2nd period - Jeff Skinner wins face-off versus Vincent Trocheck in Flames zone.
16:05 of 2nd period - Vincent Trocheck is hit by Ryan Kesler and loses puck.
16:14 of 2nd period - Shot by Vincent Trocheck.
16:14 of 2nd period - Stopped by Jonathan Quick without a rebound.
16:15 of 2nd period - Jeff Skinner wins face-off versus Dainius Zubrus in Flames zone.
16:49 of 2nd period - Shot by Brooks Laich.
16:49 of 2nd period - Stopped by Jonathan Quick without a rebound.
16:50 of 2nd period - Vincent Trocheck wins face-off versus Ryan Kesler in Flames zone.
17:07 of 2nd period - Off-side.
17:08 of 2nd period - Vincent Trocheck wins face-off versus Jeff Skinner in neutral zone.
17:11 of 2nd period - Erik Johnson is hit by Mikkel Boedker and loses puck.
17:32 of 2nd period - Shot by Sam Gagner.
17:32 of 2nd period - Shot Blocked by Mikkel Boedker.
17:34 of 2nd period - Shot by Ryan Kesler.
17:34 of 2nd period - Deflect By Sam Gagner.
17:34 of 2nd period - Goal by Sam Gagner - Oilers : 1 - Flames : 2.
17:35 of 2nd period - Dainius Zubrus wins face-off versus Jeff Skinner in neutral zone.
18:16 of 2nd period - Minor Penalty to Dustin Brown for Hooking.
18:17 of 2nd period - Jeff Skinner wins face-off versus Vincent Trocheck in Flames zone.
18:54 of 2nd period - Shot by Olli Maatta.
18:54 of 2nd period - Deflect By Vincent Trocheck.
18:54 of 2nd period - Stopped by Jonathan Quick without a rebound.
18:55 of 2nd period - Ryan Kesler wins face-off versus Dainius Zubrus in Flames zone.
19:08 of 2nd period - Shot by Brian Campbell.
19:08 of 2nd period - Shot Blocked by Erik Johnson.
19:14 of 2nd period - Shot by Dainius Zubrus.
19:14 of 2nd period - Stopped by Jonathan Quick without a rebound.
19:15 of 2nd period - Vincent Trocheck wins face-off versus Jeff Skinner in Flames zone.
Goals for this period are 0 for Oilers vs 2 for Flames.
Shots for this period are 12 for Oilers vs 11 for Flames.

3rd period


0:01 of 3rd period - Jeff Skinner wins face-off versus Vincent Trocheck in neutral zone.
0:41 of 3rd period - Olli Maatta is hit by Andrew MacDonald and loses puck.
0:59 of 3rd period - Olli Maatta is hit by Mike Cammalleri and loses puck.
1:38 of 3rd period - Shot by Marc Methot.
1:38 of 3rd period - Shot Misses the Net.
1:44 of 3rd period - Vincent Trocheck is hit by Anze Kopitar and loses puck.
1:56 of 3rd period - Minor Penalty to Erik Johnson for Holding.
1:57 of 3rd period - Ryan Kesler wins face-off versus Dainius Zubrus in Flames zone.
2:51 of 3rd period - Icing by Olli Maatta.
2:52 of 3rd period - Jeff Skinner wins face-off versus Vincent Trocheck in Oilers zone.
3:05 of 3rd period - Shot by Jeff Skinner.
3:05 of 3rd period - Shot Misses the Net.
3:07 of 3rd period - Shot by Anze Kopitar.
3:07 of 3rd period - Shot Misses the Net.
3:42 of 3rd period - Minor Penalty to Dainius Zubrus for Slashing.
3:43 of 3rd period - Mats Zuccarello wins face-off versus Anze Kopitar in Oilers zone.
4:25 of 3rd period - Shot by Tomas Kopecky.
4:25 of 3rd period - Shot Blocked by Olli Maatta.
4:48 of 3rd period - Shot by Brian Campbell.
4:48 of 3rd period - Stopped by Jonathan Quick without a rebound.
4:49 of 3rd period - Aleksander Barkov wins face-off versus Anze Kopitar in Flames zone.
5:06 of 3rd period - Olli Maatta is hit by Jeff Skinner and loses puck.
5:31 of 3rd period - Shot by Ryan Kesler.
5:31 of 3rd period - Stopped by Kari Lehtonen without a rebound.
5:32 of 3rd period - Brandon Sutter wins face-off versus Ryan Kesler in Oilers zone.
5:53 of 3rd period - Shot by Drew Shore.
5:53 of 3rd period - Shot Misses the Net.
5:55 of 3rd period - Shot by Tomas Kopecky.
5:55 of 3rd period - Stopped by Kari Lehtonen without a rebound.
5:56 of 3rd period - Vincent Trocheck wins face-off versus Dustin Brown in Oilers zone.
6:01 of 3rd period - Vincent Trocheck is hit by Dustin Brown and loses puck.
6:09 of 3rd period - Brian Campbell is hit by Dustin Brown and loses puck.
6:57 of 3rd period - Minor Penalty to Ladislav Smid for Charging.
6:58 of 3rd period - Dainius Zubrus wins face-off versus Jeff Skinner in Flames zone.
6:58 of 3rd period - Dennis Wideman is hit by Andrew MacDonald.
7:20 of 3rd period - Shot by Dennis Wideman.
7:20 of 3rd period - Shot Blocked by Bryce Salvador.
7:32 of 3rd period - Shot by Brooks Laich.
7:32 of 3rd period - Stopped by Jonathan Quick without a rebound.
7:33 of 3rd period - Vincent Trocheck wins face-off versus Ryan Kesler in Flames zone.
7:33 of 3rd period - Vincent Trocheck is hit by Erik Johnson.
7:40 of 3rd period - Mats Zuccarello is hit by Jack Johnson and loses puck.
7:53 of 3rd period - Shot by Brian Campbell.
7:53 of 3rd period - Stopped by Jonathan Quick without a rebound.
7:54 of 3rd period - Dainius Zubrus wins face-off versus Jeff Skinner in Flames zone.
7:59 of 3rd period - Shot by Charlie Coyle.
7:59 of 3rd period - Stopped by Jonathan Quick without a rebound.
8:00 of 3rd period - Jeff Skinner wins face-off versus Dainius Zubrus in Flames zone.
8:13 of 3rd period - Shot by Brian Campbell.
8:13 of 3rd period - Stopped by Jonathan Quick without a rebound.
8:14 of 3rd period - Vincent Trocheck wins face-off versus Jeff Skinner in Flames zone.
8:23 of 3rd period - Shot by Olli Maatta.
8:23 of 3rd period - Shot Misses the Net.
8:25 of 3rd period - Shot by Olli Maatta.
8:25 of 3rd period - Deflect By Vincent Trocheck.
8:25 of 3rd period - Stopped by Jonathan Quick without a rebound.
8:26 of 3rd period - Dainius Zubrus wins face-off versus Sam Gagner in Flames zone.
8:31 of 3rd period - Shot by Brian Campbell.
8:31 of 3rd period - Stopped by Jonathan Quick with a rebound.
8:33 of 3rd period - Shot by Dainius Zubrus.
8:33 of 3rd period - Stopped by Jonathan Quick with a rebound.
8:35 of 3rd period - Shot by Brian Campbell.
8:35 of 3rd period - Deflect By Charlie Coyle.
8:35 of 3rd period - Shot Misses the Net.
8:37 of 3rd period - Shot by Justin Schultz.
8:37 of 3rd period - Shot Blocked by Erik Johnson.
8:39 of 3rd period - Shot by Justin Schultz.
8:39 of 3rd period - Stopped by Jonathan Quick without a rebound.
8:40 of 3rd period - Vincent Trocheck wins face-off versus Jeff Skinner in Flames zone.
9:02 of 3rd period - Icing by Jake Gardiner.
9:03 of 3rd period - Brooks Laich wins face-off versus Drew Shore in Flames zone.
9:15 of 3rd period - Tomas Kopecky is hit by Olli Maatta and loses puck.
9:27 of 3rd period - Tomas Kopecky is hit by Dennis Wideman and loses puck.
10:32 of 3rd period - Shot by Michael Grabner.
10:32 of 3rd period - Shot Misses the Net.
10:39 of 3rd period - Sam Gagner is hit by Marc Methot and loses puck.
11:25 of 3rd period - Icing by Chad Ruhwedel.
11:26 of 3rd period - Aleksander Barkov wins face-off versus Drew Shore in Oilers zone.
11:26 of 3rd period - Aleksander Barkov is hit by Dustin Brown.
11:46 of 3rd period - Minor Penalty to Chad Ruhwedel for Cross-checking.
11:47 of 3rd period - Brandon Sutter wins face-off versus Ryan Kesler in Oilers zone.
12:02 of 3rd period - Shot by Jack Johnson.
12:02 of 3rd period - Shot Misses the Net.
12:04 of 3rd period - Shot by Jack Johnson.
12:04 of 3rd period - Stopped by Kari Lehtonen without a rebound.
12:05 of 3rd period - Anze Kopitar wins face-off versus Brandon Sutter in Oilers zone.
12:48 of 3rd period - Shot by Jeff Skinner.
12:48 of 3rd period - Shot Misses the Net.
12:50 of 3rd period - Shot by Bryce Salvador.
12:50 of 3rd period - Shot Blocked by Marc Methot.
13:12 of 3rd period - Shot by Jack Johnson.
13:12 of 3rd period - Stopped by Kari Lehtonen without a rebound.
13:13 of 3rd period - Brandon Sutter wins face-off versus Ryan Kesler in Oilers zone.
13:24 of 3rd period - Shot by Jack Johnson.
13:24 of 3rd period - Deflect By Ryan Kesler.
13:24 of 3rd period - Stopped by Kari Lehtonen with a rebound.
14:11 of 3rd period - Icing by Jake Gardiner.
14:12 of 3rd period - Anze Kopitar wins face-off versus Aleksander Barkov in Flames zone.
14:16 of 3rd period - Off-side.
14:17 of 3rd period - Ryan Kesler wins face-off versus Nikolai Kulemin in neutral zone.
14:17 of 3rd period - Ryan Kesler is hit by Nikolai Kulemin.
14:28 of 3rd period - Icing by Marc Methot.
14:29 of 3rd period - Aleksander Barkov wins face-off versus Dustin Brown in Oilers zone.
14:42 of 3rd period - Shot by Nikolai Kulemin.
14:42 of 3rd period - Shot Blocked by Bryce Salvador.
14:44 of 3rd period - Shot by Brian Campbell.
14:44 of 3rd period - Shot Misses the Net.
15:00 of 3rd period - Shot by Nikolai Kulemin.
15:00 of 3rd period - Shot Misses the Net.
15:06 of 3rd period - Shot by Marc Methot.
15:06 of 3rd period - Deflect By Nikolai Kulemin.
15:06 of 3rd period - Shot Misses the Net.
15:08 of 3rd period - Shot by Drew Miller.
15:08 of 3rd period - Stopped by Jonathan Quick without a rebound.
15:09 of 3rd period - Ryan Kesler wins face-off versus Vincent Trocheck in Flames zone.
15:14 of 3rd period - Mikkel Boedker is hit by Ryan Kesler.
15:30 of 3rd period - Shot by Mats Zuccarello.
15:30 of 3rd period - Stopped by Jonathan Quick with a rebound.
15:32 of 3rd period - Shot by Vincent Trocheck.
15:32 of 3rd period - Goal by Vincent Trocheck - Oilers : 2 - Flames : 2.
15:33 of 3rd period - Dainius Zubrus wins face-off versus Anze Kopitar in neutral zone.
15:36 of 3rd period - Jake Gardiner is hit by Dainius Zubrus and loses puck.
15:45 of 3rd period - Shot by Jeff Skinner.
15:45 of 3rd period - Stopped by Kari Lehtonen without a rebound.
15:46 of 3rd period - Vincent Trocheck wins face-off versus Ryan Kesler in Oilers zone.
15:56 of 3rd period - Vincent Trocheck is hit by Jack Johnson and loses puck.
16:27 of 3rd period - Ryan Kesler is hit by Marc Methot and loses puck.
16:30 of 3rd period - Shot by Ryan Kesler.
16:30 of 3rd period - Shot Blocked by Marc Methot.
16:45 of 3rd period - Off-side.
16:46 of 3rd period - Anze Kopitar wins face-off versus Dainius Zubrus in neutral zone.
17:10 of 3rd period - Icing by Bryce Salvador.
17:11 of 3rd period - Aleksander Barkov wins face-off versus Anze Kopitar in Flames zone.
17:12 of 3rd period - Shot by Drew Miller.
17:12 of 3rd period - Stopped by Jonathan Quick without a rebound.
17:12 of 3rd period - Minor Penalty to Bryce Salvador for Tripping.
17:13 of 3rd period - Jeff Skinner wins face-off versus Dainius Zubrus in Flames zone.
17:28 of 3rd period - Shot by Brian Campbell.
17:28 of 3rd period - Shot Blocked by Anze Kopitar.
17:30 of 3rd period - Shot by Justin Schultz.
17:30 of 3rd period - Stopped by Jonathan Quick without a rebound.
17:31 of 3rd period - Ryan Kesler wins face-off versus Mats Zuccarello in Flames zone.
17:56 of 3rd period - Sam Gagner is hit by Vincent Trocheck and loses puck.
18:14 of 3rd period - Shot by Mats Zuccarello.
18:14 of 3rd period - Stopped by Jonathan Quick without a rebound.
18:15 of 3rd period - Jeff Skinner wins face-off versus Dainius Zubrus in Flames zone.
18:24 of 3rd period - Shot by Brian Campbell.
18:24 of 3rd period - Shot Hit the Post.
19:00 of 3rd period - Sam Gagner is hit by Charlie Coyle and loses puck.
19:17 of 3rd period - Shot by Drew Shore.
19:17 of 3rd period - Stopped by Kari Lehtonen without a rebound.
19:18 of 3rd period - Vincent Trocheck wins face-off versus Dustin Brown in Oilers zone.
Goals for this period are 1 for Oilers vs 0 for Flames.
Shots for this period are 15 for Oilers vs 7 for Flames.

Overtime #1


0:01 of 1st overtime period - Mats Zuccarello wins face-off versus Ryan Kesler in neutral zone.
0:22 of 1st overtime period - Shot by Ryan Kesler.
0:22 of 1st overtime period - Deflect By Sam Gagner.
0:22 of 1st overtime period - Shot Misses the Net.
1:15 of 1st overtime period - Shot by Mikkel Boedker.
1:15 of 1st overtime period - Stopped by Jonathan Quick without a rebound.
1:16 of 1st overtime period - Anze Kopitar wins face-off versus Mats Zuccarello in Flames zone.
1:49 of 1st overtime period - Shot by Anze Kopitar.
1:49 of 1st overtime period - Shot Blocked by Olli Maatta.
1:51 of 1st overtime period - Shot by Jeff Skinner.
1:51 of 1st overtime period - Stopped by Kari Lehtonen without a rebound.
1:52 of 1st overtime period - Anze Kopitar wins face-off versus Mikkel Boedker in Oilers zone.
1:58 of 1st overtime period - Off-side.
1:59 of 1st overtime period - Mikkel Boedker wins face-off versus Anze Kopitar in neutral zone.
2:18 of 1st overtime period - Shot by Jeff Skinner.
2:18 of 1st overtime period - Stopped by Kari Lehtonen without a rebound.
2:19 of 1st overtime period - Ryan Kesler wins face-off versus Mats Zuccarello in Oilers zone.
2:43 of 1st overtime period - Shot by Vincent Trocheck.
2:43 of 1st overtime period - Shot Misses the Net.
2:45 of 1st overtime period - Shot by Vincent Trocheck.
2:45 of 1st overtime period - Shot Blocked by Andrew MacDonald.
3:12 of 1st overtime period - Icing by Mikkel Boedker.
3:13 of 1st overtime period - Mikkel Boedker wins face-off versus Anze Kopitar in Oilers zone.
3:58 of 1st overtime period - Shot by Marc Methot.
3:58 of 1st overtime period - Stopped by Jonathan Quick with a rebound.
4:34 of 1st overtime period - Shot by Ryan Kesler.
4:34 of 1st overtime period - Stopped by Kari Lehtonen without a rebound.
4:35 of 1st overtime period - Aleksander Barkov wins face-off versus Ryan Kesler in Oilers zone.
4:35 of 1st overtime period - Aleksander Barkov is hit by Ryan Kesler.
4:45 of 1st overtime period - Shot by Ryan Kesler.
4:45 of 1st overtime period - Stopped by Kari Lehtonen without a rebound.
4:46 of 1st overtime period - Anze Kopitar wins face-off versus Mats Zuccarello in Oilers zone.
Goals for this period are 0 for Oilers vs 0 for Flames.
Shots for this period are 2 for Oilers vs 4 for Flames.

ShootOut


5:00 of 1st overtime period - Penalty Shot by Mats Zuccarello for Oilers.
5:00 of 1st overtime period - Stopped by Jonathan Quick.
5:00 of 1st overtime period - Penalty Shot by Anze Kopitar for Flames.
5:00 of 1st overtime period - Shot Misses the Net.
5:00 of 1st overtime period - Penalty Shot by Vincent Trocheck for Oilers.
5:00 of 1st overtime period - Stopped by Jonathan Quick.
5:00 of 1st overtime period - Penalty Shot by Jeff Skinner for Flames.
5:00 of 1st overtime period - Goal by Jeff Skinner.
5:00 of 1st overtime period - Penalty Shot by Mikkel Boedker for Oilers.
5:00 of 1st overtime period - Stopped by Jonathan Quick.


Output by the SimonT Hockey Simulator (STHS) for Stephane Roy -- Original Page W3C XHTML 1.0 Valid
Hockey Simulator - Hockey Simulation - Hockey Manager